AoeStats
← 海峡

Migration

507659625Analyzed
1v1 RM · 14d ago on Sep 19, 2026· 48m 32s· 2 players
Game mode
Random Map
Map size
132×132
Population
200
Speed
Normal
Resources
Standard
Victory
Conquest
Starting age
Dark Age
Ending age
Imperial Age
RankedLock teamsTeams togetherTeam positionsShared explorationLock speedFull tech treeHidden civsTurbo modeCheats
Victory
Defeat
🇹🇼 Armenians · Taiwan
1818
+12
🇨🇳 Byzantines · China
1729
-12
The72
12:50 Feudal Age
16:20 Castle Age
14:27 Double-Bit Axe
15:44 Fishing Lines
16:01 Fletching
17:14 Medium Warships
17:02 Bodkin Arrow
18:42 Forging
24:26 Loom
24:33 Gold Mining
24:33 Stone Mining
25:59 Iron Casting
25:54 Horse Collar
28:30 Wheelbarrow
29:05 Bow Saw
28:50 Demolition Ship
31:22 Scale Mail Armor
32:39 Chain Mail Armor
39:43 Imperial Age
41:03 Heavy Warships
41:48 Blast Furnace
41:18 Plate Mail Armor
42:49 Hand Cart
44:13 Bracer
45:03 Careening
45:04 Clinker Construction
45:55 Chemistry
45:15 Ballistics
47:02 Padded Archer Armor
49:24 Conscription
海峡
15:08 Feudal Age
15:44 Double-Bit Axe
15:40 Fishing Lines
16:06 Gold Mining
19:08 Castle Age
19:03 Fletching
20:01 Medium Warships
20:14 Bow Saw
20:41 Wheelbarrow
19:53 Loom
20:10 Gillnets
21:12 Forging
21:30 Clinker Construction
21:50 Siphons
22:12 Hand Cart
22:41 Careening
27:00 Imperial Age
27:45 Iron Casting
28:15 Heavy Warships
28:14 Shipwright
30:09 Two-Man Saw
30:13 Carvel Hull
33:45 Dry Dock
33:59 Bodkin Arrow
35:57 Chemistry
36:26 Treadmill Crane
39:07 Bracer
40:05 Greek Fire
45:57 Gold Shaft Mining
45:33 Scale Mail Armor
47:49 Conscription
Connection lost

Rejoining the realm…

Still unreachable

The connection could not be restored.

Session expired

The server has moved on; the page needs a fresh start.